 Dungeon Crawl Stone Soup version 0.30.1-4-g462c640d31 (webtiles) character file.

Game seed: 9739870199684279132

27162 lonewolfV2 the Spear-Bearer (level 13, -1/116 HPs)
             Began as a Minotaur Fighter on Aug 25, 2023.
             Was a High Priest of Makhleb.
             Collided with a rock wall (21 damage)
             ... caused by a rakshasa
             ... on level 13 of the Dungeon.
             The game lasted 00:29:25 (13576 turns).

lonewolfV2 the Spear-Bearer (Minotaur Fighter)     Turns: 13576, Time: 00:29:26

Health: -1/116     AC: 12    Str: 26    XL:     13   Next: 2%
Magic:  14/14      EV: 21    Int:  5    God:    Makhleb [*****.]
Gold:   1877       SH:  8    Dex: 16    Spells: 12/12 levels left

rFire   x . .        g - +5 spear
rCold   . . .        c - +1 buckler
rNeg    . . .        x - +1 ring mail "Geobifio" {Contam rPois rF- SInv}
rPois   +            (helmet restricted)
rElec   .            (no cloak)
rCorr   .            l - +3 pair of gauntlets of War {Slay+5}
SInv    +            (no boots)
Will    .....        y - amulet of the acrobat
Stlth   ++           k - +6 ring of dexterity
HPRegen 0.39/turn    w - +5 ring of evasion
MPRegen 0.14/turn

%: acrobat
@: unable to read
A: horns 2, retaliatory headbutt, inability to read after injury 1
a: Renounce Religion, Minor Destruction, Lesser Servant of Makhleb, Major
Destruction, Greater Servant of Makhleb


You were on level 13 of the Dungeon.
You worshipped Makhleb.
Makhleb was extremely pleased with you.
You visited 1 branch of the dungeon, and saw 13 of its levels.
You also visited: Sewer.

You collected 1877 gold pieces.

Inventory:

Hand Weapons
 a - a +0 war axe
 g - a +5 spear (weapon)
Missiles
 p - 4 throwing nets
Armour
 c - a +1 buckler (worn)
 l - the +3 pair of gauntlets of War (worn) {Slay+5}
   (You acquired it on level 4 of the Dungeon)

   Slay:      It affects your accuracy & damage with ranged weapons and melee
   (+5).
 x - the +1 ring mail "Geobifio" (worn) {Contam rPois rF- SInv}
   (You found it on level 7 of the Dungeon)

   rF:        It makes you vulnerable to fire.
   rPois:     It protects you from poison.
   SInv:      It lets you see invisible.
   Contam:    It causes magical contamination when unequipped.
Jewellery
 k - a +6 ring of dexterity (left hand)
 v - a ring of resist corrosion
 w - a +5 ring of evasion (right hand)
 y - an amulet of the acrobat (around neck)
 B - a +5 ring of evasion
 K - an amulet of reflection
 L - an amulet of regeneration
Wands
 r - a wand of charming (10)
 u - a wand of acid (8)
 A - a wand of roots (22)
 I - a wand of digging (6)
 Q - a wand of mindburst (10)
Scrolls
 b - a scroll of brand weapon {unknown}
 i - 9 scrolls of fog
 j - 3 scrolls of teleportation
 m - 5 scrolls of amnesia
 s - 2 scrolls of enchant armour
 C - a scroll of blinking
 F - 2 scrolls of magic mapping
 G - 2 scrolls of poison {unknown}
 H - a scroll of fear
 J - 3 scrolls of identify
 N - a scroll of butterflies
Potions
 d - 2 potions of might
 e - 2 potions of flight
 f - a potion of heal wounds
 h - 4 potions of curing
 n - 5 potions of attraction
 o - 8 potions of mutation
 q - 3 potions of magic
 t - 2 potions of brilliance
 z - 2 potions of haste
 D - 3 potions of degeneration
 E - 2 potions of lignification
 O - 2 potions of ambrosia {unknown}
Miscellaneous
 M - a lightning rod (1/4)
 P - a phial of floods (inert) (quivered)


   Skills:
 + Level 11.5 Fighting
 + Level 3.8(9.7) Axes
 + Level 13.7(13.9) Polearms
 + Level 10.9 Armour
 + Level 9.3 Dodging
 + Level 4.0 Stealth
 + Level 12.4 Shields
 + Level 3.0 Invocations
 + Level 0.5 Evocations


You had 12 spell levels left.
You didn't know any spells.
Your spell library contained the following spells:

 Spells                   Type           Power      Damage    Failure   Level
 Blink                    Tloc           0%         N/A       77%         2
 Ensorcelled Hibernation  Hex/Ice        0%         N/A       77%         2
 Lesser Beckoning         Tloc           0%         N/A       77%         2
 Momentum Strike          Conj/Tloc      0%         3d8       77%         2
 Passwall                 Tmut/Erth      0%         N/A       77%         2
 Swiftness                Air            0%         N/A       94%         3
 Petrify                  Tmut/Erth      0%         N/A       100%        4
 Summon Lightning Spire   Summ/Air       0%         N/A       100%        4
 Blade Hands              Tmut           0%         N/A       100%        5
 Irradiate                Conj/Tmut      0%         3d11      100%        5
 Metabolic Englaciation   Hex/Ice        0%         N/A       100%        5
 Statue Form              Tmut/Erth      0%         N/A       100%        6
 Dragon Form              Tmut           0%         N/A       100%        7
 Storm Form               Tmut/Air       0%         N/A       100%        7
 Maxwell's Capacitive Co  Air            0%         ∞         100%        8


Dungeon Overview and Level Annotations

Branches:
Dungeon (13/15)            Temple (0/1) D:6            Lair (0/5) D:8
    Orc (0/2) D:12          Sewer (visited)
 Vaults: D:13-14

Altars:
Elyvilon
Fedhas
Hepliaklqana
Makhleb
Trog
Zin

Shops:
D:8 [   D:12 !


Innate Abilities, Weirdness & Mutations

You have a pair of horns on your head.
You reflexively headbutt those who attack you in melee.
You occasionally lose the ability to read scrolls when taking damage.


Message History

You hit the rakshasa.
The rakshasa is heavily wounded.
The rakshasa hits you with a +0 trident!
You puncture the rakshasa! You headbutt the rakshasa!
The rakshasa is severely wounded.
The injured rakshasa weaves a defensive illusion!
You hit the rakshasa but do no damage. Your headbutt misses the rakshasa.
The rakshasa is severely wounded.
You block the rakshasa's attack. The rakshasa gestures at you.
The lance of force hits you!!
You are knocked back by the lance of force.
You slam into the rock wall!
The rakshasa hits you from afar with a +0 trident!
The rakshasa completely misses you. The rakshasa gestures at you.
You block the lance of force. The rakshasa barely misses you.
You furiously retaliate!
You headbutt the rakshasa!
The rakshasa hits you but does no damage.
The rakshasa gestures at you. The lance of force misses you.
You closely miss the rakshasa. You headbutt the rakshasa.
The rakshasa is severely wounded.
You hit the rakshasa.
The rakshasa is almost dead.
The rakshasa gestures at you. The lance of force hits you!
You feel threatened and lose the ability to read scrolls!
You are knocked back by the lance of force.
You slam into the rock wall!
* * * LOW HITPOINT WARNING * * *
The rakshasa blinks!
The rakshasa closely misses you.
You feel better. The rakshasa closely misses you. The rakshasa gestures at you.
The lance of force hits you!
* * * LOW HITPOINT WARNING * * *
You are knocked back by the lance of force.
You slam into the rock wall!
You die...

...#......## ##...#......###....
.#..#......# ##...####...#.......
...........###...## #...........
..#.........#....# #.........##
..##............## ##..........
..###..........## ##..........
..###..........# #...........
.###...........#######...........
## #......####.)@[......#######..
# ##..[.### ##R....R....# ###
##....## #§R#######.## # ##....##
##.# ##.## #### #..#.## #.#
##.###... .###.# #.# #....### ##
### #.# #.#.## ### #####


You could see 3 rakshasas.

Vanquished Creatures
  3 centaur warriors
  A hydra (D:9)
  Erolcha (D:9)
  The ghost of Xolotl the Carver, a journeyman DsDe of Ashenzari (D:11)
  3 two-headed ogres
  3 boulder beetles
  Nergalle (D:11)
  Lodul (D:11)
  4 ugly things
  6 cyclopes
  3 manticores
  An unseen horror (D:13)
  A kobold demonologist (D:12)
  A komodo dragon (D:8)
  A merfolk (D:13)
  2 trolls
  2 hornets
  A slime creature (D:9)
  2 wraiths
  2 wyverns
  3 shadows
  25 yaks
  A vampire mosquito (D:9)
  Edmund (D:6)
  3 acid dragons
  A water moccasin (D:8)
  3 ice beasts
  8 orc warriors
  2 sky beasts
  A black bear (D:8)
  7 ogres
  6 centaurs
  7 kobold brigands
  3 bullfrogs
  A gnoll sergeant (D:7)
  3 scorpions
  11 wights
  2 howler monkeys
  6 electric eels (D:11)
  3 hounds
  A jelly (D:6)
  A gnoll bouda (D:8)
  7 orc priests
  Terence (D:3)
  5 iguanas
  Ijyb (D:4)
  10 orc wizards
  A hell rat (Sewer)
  Robin (D:4)
  5 adders
  35 gnolls
  3 river rats (Sewer)
  A white imp (D:6)
  2 ufetubi
  2 worms
  3 dart slugs
  44 orcs
  8 ball pythons
  5 bats
  7 endoplasms
  9 giant cockroaches
  5 hobgoblins
  2 jackals (D:4)
  3 quokkas
  A frilled lizard (D:1)
  10 goblins
  71 kobolds
  12 rats
393 creatures vanquished.

Vanquished Creatures (collateral kills)
  Snorg (D:11)
  A two-headed ogre (D:12)
  2 orc wizards (D:12)
  An orc (D:12)
5 creatures vanquished.

Grand Total: 398 creatures vanquished

Notes
Turn   | Place    | Note
-------+----------+-------------------------------------------
     0 | D:1      | lonewolfV2 the Minotaur Fighter began the quest for the
                  | Orb.
     0 | D:1      | Reached XP level 1. HP: 19/19 MP: 0/0
   117 | D:1      | Reached XP level 2. HP: 27/27 MP: 1/1
   416 | D:1      | Reached XP level 3. HP: 33/33 MP: 2/2
   729 | D:2      | Reached XP level 4. HP: 13/40 MP: 3/3
  1698 | D:3      | Noticed Terence
  1703 | D:3      | Killed Terence
  1733 | D:3      | Reached skill level 1 in Polearms
  1733 | D:3      | Reached XP level 5. HP: 5/47 MP: 4/4
  1752 | D:3      | Reached skill level 5 in Armour
  1939 | D:3      | Reached skill level 1 in Dodging
  2082 | D:3      | Reached skill level 2 in Polearms
  2450 | D:3      | Found a blossoming altar of Fedhas.
  2457 | D:3      | Found a glowing silver altar of Zin.
  2460 | D:3      | Found a burning altar of Makhleb.
  2460 | D:3      | Found a bloodstained altar of Trog.
  2467 | D:3      | Found a white marble altar of Elyvilon.
  2506 | D:3      | Became a worshipper of Makhleb the Destroyer
  2915 | D:4      | Reached XP level 6. HP: 55/55 MP: 5/5
  3231 | D:4      | Noticed Ijyb
  3256 | D:4      | Killed Ijyb
  3341 | D:4      | Reached skill level 5 in Fighting
  3347 | D:4      | Noticed Robin
  3356 | D:4      | Reached * piety under Makhleb
  3362 | D:4      | Killed Robin
  3363 | D:4      | Reached skill level 3 in Polearms
  4036 | D:4      | Identified 2 scrolls of acquirement
  4036 | D:4      | Acquired the +3 pair of gauntlets of War {Slay+5}
  4036 | D:4      | Found the +3 pair of gauntlets of War {Slay+5}
  4043 | D:4      | Acquired 941 gold pieces
  4074 | D:5      | Entered Level 5 of the Dungeon
  4105 | D:5      | Reached XP level 7. HP: 26/61 MP: 6/6
  4355 | D:5      | Reached skill level 5 in Shields
  4725 | D:5      | Reached skill level 4 in Polearms
  4822 | D:5      | Reached ** piety under Makhleb
  4899 | D:5      | Reached skill level 5 in Polearms
  5074 | D:5      | Reached *** piety under Makhleb
  5089 | D:5      | Reached XP level 8. HP: 29/70 MP: 7/7
  5547 | D:6      | Found a glowing drain.
  5548 | D:6      | Reached skill level 6 in Polearms
  5556 | Sewer    | Entered a sewer
  5682 | D:6      | Found a staircase to the Ecumenical Temple.
  5686 | D:6      | Noticed Edmund
  5700 | D:6      | Killed Edmund
  5908 | D:6      | Reached skill level 7 in Polearms
  6107 | D:6      | Reached **** piety under Makhleb
  6212 | D:7      | Identified the +1 ring mail "Geobifio" {Contam rPois rF-
                  | SInv}
  6251 | D:7      | Gained mutation: You occasionally lose the ability to read
                  | scrolls when taking damage. [mutagenic glow]
  6410 | D:7      | Reached XP level 9. HP: 78/78 MP: 8/8
  6681 | D:7      | Reached skill level 8 in Polearms
  7055 | D:8      | Reached skill level 1 in Stealth
  7089 | D:8      | Found a staircase to the Lair.
  7089 | D:8      | Noticed a komodo dragon
  7110 | D:8      | Killed a komodo dragon
  7111 | D:8      | Reached skill level 9 in Polearms
  7332 | D:8      | Found a hazy altar of Hepliaklqana.
  7626 | D:8      | Reached ***** piety under Makhleb
  7685 | D:8      | Found Qutal's Antique Armour Shop.
  8098 | D:9      | Identified the +3 mace of Xevexe Boati {heavy, rF- rCorr
                  | Int+3}
  8127 | D:9      | Reached XP level 10. HP: 88/88 MP: 9/9
  8130 | D:9      | Reached skill level 10 in Polearms
  8141 | D:9      | Identified the +4 dagger "Dragonbane" {drain, rC- Str+3
                  | Int+7}
  8330 | D:9      | Reached skill level 5 in Dodging
  8654 | D:9      | Noticed a cyclops
  8654 | D:9      | Noticed a centaur warrior
  8654 | D:9      | Noticed a purple ugly thing
  8654 | D:9      | Noticed a boulder beetle
  8664 | D:9      | Killed a purple ugly thing
  8665 | D:9      | Reached skill level 11 in Polearms
  8673 | D:9      | Killed a centaur warrior
  8674 | D:9      | Noticed a centaur warrior
  8678 | D:9      | Noticed a seven-headed hydra
  8700 | D:9      | Killed a centaur warrior
  8705 | D:9      | Killed a cyclops
  8706 | D:9      | Reached XP level 11. HP: 88/95 MP: 10/10
  8711 | D:9      | Killed a seven-headed hydra
  8754 | D:9      | Killed a boulder beetle
  8755 | D:9      | Reached skill level 12 in Polearms
  9123 | D:9      | Noticed Erolcha
  9133 | D:9      | Killed Erolcha
  9299 | D:10     | Entered Level 10 of the Dungeon
  9332 | D:10     | Reached skill level 10 in Armour
  9729 | D:10     | Reached skill level 10 in Shields
 10096 | D:11     | Noticed Nergalle
 10111 | D:11     | Killed Nergalle
 10169 | D:11     | Noticed Snorg
 10170 | D:11     | Found a frozen archway.
 10187 | D:11     | Killed Snorg
 10315 | D:11     | Noticed a two-headed ogre
 10324 | D:11     | Killed a two-headed ogre
 10325 | D:11     | Reached skill level 13 in Polearms
 10351 | D:11     | Reached XP level 12. HP: 106/106 MP: 11/11
 10468 | D:11     | Reached skill level 1 in Invocations
 10475 | D:11     | Reached skill level 10 in Fighting
 10682 | D:11     | Noticed Xolotl's ghost (journeyman DsDe)
 10685 | D:11     | Found a runed translucent door.
 11003 | D:11     | Noticed Lodul
 11011 | D:11     | Killed Lodul
 11186 | D:11     | Killed Xolotl's ghost
 11191 | D:11     | Noticed a two-headed ogre
 11212 | D:11     | Killed a two-headed ogre
 11251 | D:12     | Noticed a boulder beetle
 11301 | D:12     | Killed a boulder beetle
 11381 | D:12     | Found a staircase to the Orcish Mines.
 11543 | D:12     | Found Vehydiph's Distillery.
 11543 | D:12     | Noticed a two-headed ogre
 11580 | D:12     | Killed a two-headed ogre
 11815 | D:12     | Noticed a two-headed ogre
 11821 | D:12     | Killed a two-headed ogre
 12611 | D:13     | Noticed a boulder beetle
 12645 | D:13     | Killed a boulder beetle
 12718 | D:13     | Noticed a rakshasa
 12720 | D:13     | Noticed a centaur warrior
 12720 | D:13     | Noticed a centaur warrior
 13556 | D:13     | Killed a centaur warrior
 13557 | D:13     | Reached XP level 13. HP: 106/116 MP: 14/14
 13576 | D:13     | Collided with a rock wall

Illustrated notes

Levels and vault maps discovered:
D:1:      nagdon_arrival_double_spiral, layout_rooms, st_stairs_3
D:2:      layout_basic
D:3:      layout_loops_corners, nicolae_overflow_hallway_of_the_gods,
          nrook_mini_vaults, uniq_terence
D:4:      layout_loops_corners, serial_glass, glass_columns_a, glass_columns_a,
          uniq_robin, uniq_ijyb
D:5:      minmay_goblin_kobold_castle, layout_cave_pods
D:6:      layout_rooms, minmay_temple_entry_junction, portal_sewer_entry_d,
          hangedman_decor_growths, uniq_edmund
D:7:      layout_cave_pods
D:8:      layout_gridville, mainiacjoe_overflow_surrounded_room,
          david_lair_shrubbed, serial_shops, nicolae_shop_peninsula
D:9:      minmay_the_grid_triangle_9x9_recursive_2
          [minmay_the_grid_triangle_9x9_prize_top_heavy,
          minmay_the_grid_triangle_9x9_cache,
          minmay_the_grid_triangle_9x9_descending_squares,
          minmay_the_grid_triangle_9x9_longest], layout_gridville, uniq_erolcha
D:10:     minmay_s_stair_smasher, layout_rooms,
          chequers_temple_overflow_statue_of_worship
D:11:     layout_loops_ring, serial_bayou, serial_bayou_pond_e,
          serial_bayou_lagoon_a, serial_bayou_ford_a, serial_bayou_shore_a,
          serial_bayou_pond_e, serial_bayou_pond_e,
          hellmonk_ghost_happy_afterlife, portal_ice_cave_entry_pillars_1,
          uniq_lodul, uniq_nergalle, uniq_snorg
D:12:     layout_cave_pods, orc_david_3, hex_large, kennysheep_windowed_goal
D:13:     layout_layer_cave, hangedman_fish_farm

Skill      XL: |  1  2  3  4  5  6  7  8  9 10 11 12 |
---------------+-------------------------------------+-----
Fighting       | 4 5 6 7 8 9 11 | 11.5
Armour         | 4 5 6 7 8 9 10 | 10.9
Axes           | 3 |  3.8
Shields        | 4 5 6 7 9 11 12 | 12.4
Polearms       | 1 2 3 5 7 9 11 13 | 13.7
Dodging        | 1 2 3 4 6 7 9 |  9.3
Stealth        | 1 2 4 |  4.0
Invocations    | 3 |  3.0
Evocations     | |  0.5

Action                     |  1- 3 |  4- 6 |  7- 9 | 10-12 | 13-15 || total
---------------------------+-------+-------+-------+-------+-------++-------
  Melee: War axe           |    64 |       |       |       |       ||    64
         Headbutt          |     8 |    38 |    54 |   144 |     4 ||   248
         Spear             |       |   195 |   318 |   548 |    12 ||  1073
 Invoke: Lesser Servant of |       |       |       |     7 |       ||     7
         Minor Destruction |       |       |       |     2 |       ||     2
  Evoke: Lightning rod     |       |       |       |     5 |       ||     5
         Phial of floods   |       |       |       |     1 |       ||     1
    Use: Scroll            |     4 |    12 |     5 |     4 |       ||    25
         Potion            |       |     1 |       |     4 |     1 ||     6
   Stab: Distracted        |       |       |       |     4 |       ||     4
 Armour: Scale mail        |    51 |    60 |    66 |       |       ||   177
         Ring mail         |       |       |    20 |    65 |     5 ||    90
  Dodge: Dodged            |    37 |    65 |   204 |   338 |    13 ||   657
  Block: Buckler           |    26 |    43 |   103 |   160 |     2 ||   334
